 Dungeon Crawl Stone Soup version 0.23.0-3-gf3c87f2 (webtiles) character file.

Game seed: 15094310372824968500

112 lapinsky the Chopper (level 4, 0/40 HPs)
             Began as a Hill Orc Fighter on Feb 20, 2019.
             Slain by a hornet (7 damage)
             ... on level 3 of the Dungeon.
             The game lasted 00:10:35 (2059 turns).

lapinsky the Chopper (Hill Orc Fighter)             Turns: 2059, Time: 00:10:36

Health: 0/40       AC: 14    Str: 19    XL:     4   Next: 95%
Magic:  4/4        EV:  5    Int:  8    God:
Gold:   103        SH:  9    Dex: 10    Spells: 3/3 levels left

rFire    + . .     SeeInvis .   a - +0 war axe
rCold    . . .     Gourm    .   c - +0 shield
rNeg     . . .     Faith    .   g - +0 plate armour (curse)
rPois    .         Spirit   .   d - +2 helmet
rElec    .         Reflect  .   (no cloak)
rCorr    .         Harm     .   (no gloves)
MR       .....                  (no boots)
Stlth    ..........             (no amulet)
HPRegen  0.13/turn              o - ring of protection from fire
MPRegen  0.09/turn              p - +2 ring of evasion

@: hasted and slowed
A: no striking features
a: no special abilities


You were on level 3 of the Dungeon.
You were not hungry.

You visited 1 branch of the dungeon, and saw 3 of its levels.

You collected 103 gold pieces.

Inventory:

Hand Weapons
 a - a +0 war axe (weapon)
 j - a +0 dagger of holy wrath
 r - a +1 dagger of speed
 s - a +2 dagger of protection
Missiles
 n - 3 poisoned tomahawks (quivered)
Armour
 c - a +0 shield (worn)
 d - a +2 helmet (worn)
 e - a +2 pair of boots
 g - a cursed +0 plate armour (worn)
Jewellery
 m - a +2 ring of protection {unknown}
 o - a ring of protection from fire (left hand)
 p - a +2 ring of evasion (right hand)
 q - an uncursed ring of protection from magic {unknown}
Scrolls
 h - a scroll of amnesia
 i - a scroll of magic mapping
Potions
 k - a potion of lignification {unknown}
 l - a potion of flight {unknown}
Comestibles
 f - 5 rations


   Skills:
 + Level 4.2 Fighting
 + Level 4.6 Axes
 + Level 0.3 Throwing
 + Level 3.8 Armour
 + Level 0.4 Dodging
 + Level 4.0 Shields


You had 3 spell levels left.
You didn't know any spells.
Your spell library contained the following spells:

 Spells                   Type           Power        Failure   Level  Hunger
 Magic Dart               Conj           #...         100%        1    ##.....
 Searing Ray              Conj           #.....       100%        2    ###....
 Dazzling Spray           Conj/Hex       #.....       100%        3    ####...
 Force Lance              Conj/Tloc      #.......     100%        4    #####..
 Fulminant Prism          Conj/Hex       #.........   100%        4    #####..
 Iskenderun's Mystic Bla  Conj           #.......     100%        4    #####..


Dungeon Overview and Level Annotations

Branches:
Dungeon (3/15)

Altars:


Message History

You block the hornet's attack. The hornet stings you.
You feel yourself slow down.
Your shield and plate armour prevent you from hitting the hornet.
The hornet is lightly wounded.
You feel yourself speed up.
You block the hornet's attack. x2; The hornet stings you.
You feel yourself slow down.
You hit the hornet but do no damage.
The hornet is lightly wounded.
The hornet stings you.
* * * LOW HITPOINT WARNING * * *
You feel as though you will be slow longer.
The hornet stings you but does no damage.
The hornet completely misses you. The hornet stings you.
* * * LOW HITPOINT WARNING * * *
You suddenly lose the ability to move!
You can move again.
It was a potion of haste.
You feel yourself speed up. The hornet stings you!
You die...

#. #.#..##.##
###.##.##..#..# ##
##...........#.###.#
##..............#...#
#...................#
#..................#
#...............#†##
#...............#.#
##...@...........#.#
#....y.............#
#....)............####
#..........#.....#..#.##
#.........#######....)..
#.........# ##.......###
#.........###........###
#.......................
##....?...####.......###


You could see a hornet.

Vanquished Creatures
  Robin (D:2)
  An adder (D:2)
  An ooze (D:3)
  2 worms (D:2)
  4 dart slugs
  A leopard gecko (D:1)
  A ball python (D:1)
  10 bats
  2 giant cockroaches (D:1)
  14 goblins
  11 hobgoblins
  2 jackals (D:3)
  3 frilled lizards
  9 kobolds
  5 rats
67 creatures vanquished.

Notes
Turn   | Place    | Note
-------+----------+-------------------------------------------
     0 | D:1      | lapinsky the Hill Orc Fighter began the quest for the Orb.
     0 | D:1      | Reached XP level 1. HP: 19/19 MP: 1/1
    81 | D:1      | Reached XP level 2. HP: 24/27 MP: 2/2
   638 | D:1      | Reached XP level 3. HP: 31/33 MP: 3/3
  1099 | D:2      | Reached XP level 4. HP: 40/40 MP: 4/4
  1119 | D:2      | Noticed Robin
  1146 | D:2      | Killed Robin
  2048 | D:3      | Noticed a hornet
  2053 | D:3      | Paralysed by a hornet for 2 turns
  2058 | D:3      | Paralysed by a hornet for 1 turns
  2059 | D:3      | Slain by a hornet

Skill      XL: |  1  2  3  4 |
---------------+-------------+-----
Axes           | 3 4 |  4.6
Fighting       | 4 |  4.2
Shields        | 4 |  4.0
Throwing       | |  0.3
Armour         | |  3.8
Dodging        | |  0.4

Action                   |  1- 3 |  4- 6 || total
-------------------------+-------+-------++-------
Melee: War axe           |    77 |   101 ||   178
       Dagger            |     8 |       ||     8
Throw: Tomahawk          |     7 |     1 ||     8
  Use: Scroll            |       |     6 ||     6
       Potion            |       |     2 ||     2
  Eat: Chunk             |       |     2 ||     2
       Ration            |       |     1 ||     1
Armor: Scale mail        |    73 |    20 ||    93
       Plate armour      |       |    94 ||    94
Dodge: Dodged            |    37 |    33 ||    70
Block: Shield            |    58 |    81 ||   139
